 Dungeon Crawl Stone Soup version 0.28.0-45-g0d030f2227 (webtiles) character file.

Game seed: 5380707838564869882

65 McKennaii the Skirmisher (level 3, 0/29 HPs)
             Began as a Demonspawn Fighter on Apr 7, 2022.
             Succumbed to an adder's poison
             ... on level 2 of the Dungeon.
             The game lasted 00:02:24 (1967 turns).

McKennaii the Skirmisher (Demonspawn Fighter)       Turns: 1967, Time: 00:02:25

Health: 0/29       AC:  7    Str: 17 (18) XL:     3   Next: 92%
Magic:  3/3        EV:  9    Int:  6 (9)  God:
Gold:   70         SH:  0    Dex:  9 (12) Spells: 2/2 levels left

rFire   . . .      SeeInvis .   e - +0 dagger
rCold   . . .      Faith    .   (no shield)
rNeg    . . .      Spirit   .   b - +0 scale mail
rPois   .          Reflect  .   (no helmet)
rElec   .          Harm     .   (no cloak)
rCorr   .          Rampage  .   (no gloves)
Will    .....                   (no boots)
Stlth   ..........              (no amulet)
HPRegen 0.09/turn               (no ring)
MPRegen 0.08/turn               (no ring)

@: lethally poisoned (0 -> -8)
A: rugged brown scales 1, demonic touch 1
a: no special abilities


You were on level 2 of the Dungeon.
You visited 1 branch of the dungeon, and saw 2 of its levels.

You collected 70 gold pieces.

Inventory:

Hand Weapons
 a - a +0 trident
 e - a +0 dagger (weapon)
Armour
 b - a +0 scale mail (worn)
 c - a +0 buckler
Jewellery
 f - a ring of resist corrosion
Scrolls
 g - 2 scrolls of vulnerability {unknown}
 i - 3 scrolls of teleportation {unknown}
 k - a scroll of identify {unknown}
 l - a scroll of immolation {unknown}
Potions
 d - a potion of might
 j - a potion of magic {unknown}


   Skills:
 + Level 3.6 Fighting
 + Level 1.0 Short Blades
 - Level 2.2 Polearms
 + Level 3.3 Armour
 - Level 2.9 Shields


You had 2 spell levels left.
You didn't know any spells.
Your spell library contained the following spells:

 Spells                   Type           Power      Damage    Failure   Level
 Sting                    Tmut/Pois      0%         1d3       86%         1
 Poisonous Vapours        Pois/Air       0%         N/A       94%         2
 Dazzling Flash           Conj/Hex       0%         N/A       99%         3
 Olgreb's Toxic Radiance  Pois           0%         N/A       100%        4
 Agony                    Necr           0%         N/A       100%        5
 Silence                  Hex/Air        0%         N/A       100%        5


Dungeon Overview and Level Annotations

Branches:
Dungeon (2/15)

Altars:


Innate Abilities, Weirdness & Mutations

You are partially covered in rugged brown scales. (AC +1, +3% HP)
Your touch may inflict minor irresistible damage on your foes.


Message History

You feel sick. The adder bites you but does no damage.
You miss the adder. Your touch misses the adder.
The adder is moderately wounded.
You feel sick. The adder barely misses you. The adder bites you.
You are more poisoned.
The adder poisons you!
You hit the adder.
You touch the adder.
The adder is severely wounded.
You feel very sick. The adder closely misses you.
You barely miss the adder. Your touch misses the adder.
The adder is severely wounded.
You feel sick. The adder bites you but does no damage.
You are too injured to fight recklessly!
You are too injured to fight recklessly!
You are too injured to fight recklessly!
You hit the adder.
The adder is almost dead.
You feel sick. The adder bites you.
You are more poisoned.
The adder poisons you!
You barely miss the adder. Your touch misses the adder.
The adder is almost dead.
You feel sick. The adder bites you but does no damage. The adder bites you.
* * * LOW HITPOINT WARNING * * *
You are more poisoned.
The adder poisons you!
You closely miss the adder. Your touch misses the adder.
The adder is almost dead.
* * * LOW HITPOINT WARNING * * *
You feel very sick. The adder barely misses you.
You completely miss the adder.
The adder is almost dead.
* * * LOW HITPOINT WARNING * * *
You feel sick. The adder bites you but does no damage.
It was a potion of degeneration.
There was something very wrong with that liquid.
You feel weakened.
You feel dopey.
You feel clumsy.
You die...

#....#####+####
#....'........#
#....#...†....###
#....#..........#
######..........#
#..........#
########...#
#######...#
#...S@....#
#.........#
#.........#
#?.......##
#......(.#
##########


You could see an adder.

Vanquished Creatures
  An adder (D:2)
  A worm (D:2)
  2 dart slugs
  4 ball pythons
  2 bats (D:1)
  4 endoplasms (D:1)
  6 goblins
  5 hobgoblins
  7 kobolds
  4 quokkas
  A frilled lizard (D:1)
  3 rats
40 creatures vanquished.

Notes
Turn   | Place    | Note
-------+----------+-------------------------------------------
     0 | D:1      | McKennaii the Demonspawn Fighter began the quest for the
                  | Orb.
     0 | D:1      | Reached XP level 1. HP: 18/18 MP: 1/1
    84 | D:1      | Gained mutation: Your touch may inflict minor irresistible
                  | damage on your foes. [demonic ancestry]
    84 | D:1      | Reached XP level 2. HP: 13/24 MP: 2/2
    91 | D:1      | HP: 1/24 [kobold/+0 club (4)]
   816 | D:1      | Gained mutation: You are partially covered in rugged brown
                  | scales. (AC +1, +3% HP) [demonic ancestry]
   816 | D:1      | Reached XP level 3. HP: 13/29 MP: 3/3
  1298 | D:1      | Found a faded altar of an unknown god.
  1927 | D:2      | Reached skill level 1 in Short Blades
  1967 | D:2      | Succumbed to an adder's poison

Illustrated notes

Levels and vault maps discovered:
D:1:      psy_arrival_dodecagon, layout_rooms, ebering_ecumenical_altar_rust,
          corexii_hall_statues_x, minmay_misc_feat_four_crosses
D:2:      layout_basic

Skill      XL: |  1  2  3 |
---------------+----------+-----
Polearms       | 2 |  2.2
Armour         | 3 |  3.3
Short Blades   | 1 |  1.0
Fighting       | |  3.6
Shields        | |  2.9

Action                   || total
-------------------------++-------
Melee: Trident           ||    64
       Dagger            ||   101
       Touch             ||    17
       Punch             ||     1
  Use: Potion            ||     1
Armor: Scale mail        ||    81
Dodge: Dodged            ||    60
Block: Buckler           ||    22
